 Dungeon Crawl Stone Soup version 0.18-a0-1523-gbe15c29 (webtiles) character file.

2 4thArraOfDagon the Ducker (level 1, -1/10 HPs)
             Began as a Felid Abyssal Knight on Mar 7, 2016.
             Was an Initiate of Lugonu.
             Slain by a kobold
             ... wielding a +0 dagger
              (2 damage)
             ... on level 1 of the Dungeon.
             The game lasted 00:01:15 (188 turns).

4thArraOfDagon the Ducker (Felid Abyssal Knight)     Turns: 188, Time: 00:01:15

Health: -1/10      AC:  1    Str:  8    XL:     1   Next: 33%
Magic:  3/3        EV: 18    Int: 13    God:    Lugonu [......]
Gold:   31         SH:  0    Dex: 15    Spells: 0 memorised, 0 levels left
                                        Lives:  0   Deaths: 0

rFire  . . .     SeeInvis +       - Unarmed
rCold  . . .     Gourm    .     (armour unavailable)
rNeg   . . .     Faith    .     (shield unavailable)
rPois  .         Spirit   .     (helmet unavailable)
rElec  .         Dismiss  .     (cloak unavailable)
rCorr  .         Reflect  .     (gloves unavailable)
SustAt .         Harm     .     (boots unavailable)
MR     .....                    (no amulet)
Stlth  ++........               (no ring)
                                (no ring)

@: quick, not resistant to hostile enchantments, unstealthy
A: no armour, no weapons or thrown items, claws 1, fangs 3, see invisible,
carnivore 3, speed 1, shaggy fur 1, slow metabolism 1, sharp paws
a: Renounce Religion


You were on level 1 of the Dungeon.
You worshipped Lugonu.
Lugonu was noncommittal.
You were not hungry.

You visited 1 branch of the dungeon, and saw 1 of its levels.
You visited the Abyss 1 time.

You collected 31 gold pieces.

Inventory:

Scrolls
 b - 2 scrolls of immolation
 d - a scroll of remove curse
Comestibles
 a - a meat ration


   Skills:
 - Level 3.0 Fighting
 - Level 3.2 Dodging
 * Level 1.3 Stealth
 - Level 2.0 Unarmed Combat
 - Level 1.7 Invocations


You couldn't memorise any spells.
You didn't know any spells.

Dungeon Overview and Level Annotations

Branches:
Dungeon (1/15)

Altars:


Innate Abilities, Weirdness & Mutations

You cannot wear armour.
You are incapable of wielding weapons or throwing items.
You have sharp claws.
You have razor-sharp teeth.
You have supernaturally acute eyesight.
You are carnivorous and can eat meat at any time.
You cover ground quickly.
You are covered in fur (AC +1).
You have a slow metabolism.
Your sharp claws are effective at attacking unaware monsters.


Message History

The bat hits you.
You barely miss the bat. The bat barely misses you.
You closely miss the bat. You bite the bat.
You kill the bat!
Lugonu accepts your kill.
Your Stealth skill increases to level 1!
You scratch the goblin. Your bite misses the goblin.
The goblin is severely wounded.
The goblin hits you with a dagger.
You scratch the goblin.
You kill the goblin!
Lugonu accepts your kill.
The kobold throws a stone.
The stone hits you.
* * * LOW HITPOINT WARNING * * *
The kobold hits you but does no damage.
Things that are here:
a dagger; a goblin corpse You closely miss the kobold.
The kobold barely misses you.
You barely miss the kobold. The kobold hits you with a dagger.
You die...

. #### .## . ..# ... ..
#.# #.## ...
#.########..# ....
###...(@Kr##.%#r....
#.....###(##.K......
#.###.# #.##.#..... #.#
#.# #...........
######.#
#.....##.#.#.###
#......# ###......#...
#.#.#..# #....... ..#
#......#####....##......
#####.#.#...).##...##
...>...


You could see a kobold and a rat.

Vanquished Creatures
  A bat (D:1)
  A giant newt (D:1)
  A goblin (D:1)
  A rat (D:1)
4 creatures vanquished.

Notes
Turn   | Place    | Note
--------------------------------------------------------------
     0 | Abyss:1  | 4thArraOfDagon the Felid Abyssal Knight began the quest for the Orb.
     0 | Abyss:1  | Reached XP level 1. HP: 10/10 MP: 3/3
   121 | Abyss:3  | Noticed a sixfirhy
   125 | D:1      | Escaped the Abyss
   183 | D:1      | Reached skill level 1 in Stealth
   188 | D:1      | Slain by a kobold

Vault maps used:
D:1:      eino_arrival_tree_alley, serial_glass, glass_columns_c,
          glass_columns_a, glass_columns_a, glass_columns_b, glass_columns_a,
          st_stairs_6
Abyss:1:  evilmike_abyss_exit_mutagenic
Abyss:2:  evilmike_abyss_exit_10
Abyss:3:  evilmike_abyss_exit_smiterflies, evilmike_abyss_exit_kraken

Skill      XL: |  1 |
---------------+----+-----
Stealth        | 1 |  1.3
Fighting       | |  3.0
Dodging        | |  3.2
Unarmed Combat | |  2.0
Invocations    | |  1.7

Action                   || total
-------------------------++-------
Melee: Unarmed           ||    12
Invok: Depart the Abyss  ||     1
  Use: Scroll            ||     4
 Stab: Sleeping          ||     1
  Eat: Chunk             ||     1
